 Dungeon Crawl Stone Soup version 0.29.0-4-gdea44cf6ec (webtiles) character file.

Game seed: 14214242002305075524

175 qw the Chopper (level 5, -3/30 HPs)
             Began as a Tengu Warper on Aug 28, 2022.
             Slain by an iguana (5 damage)
             ... on level 4 of the Dungeon.
             The game lasted 00:00:22 (3435 turns).

qw the Chopper (Tengu Warper)                       Turns: 3435, Time: 00:00:22

Health: -3/30      AC:  8    Str: 14    XL:     5   Next: 55%
Magic:  9/9        EV:  7    Int: 13    God:
Gold:   148        SH:  0    Dex: 13    Spells: 8/8 levels left

rFire   . . .      SeeInvis .   Y - +0 hand axe (vorpal)
rCold   . . .      Faith    .   (no shield)
rNeg    . . .      Spirit   .   j - +0 chain mail
rPois   .          Reflect  .   (helmet restricted)
rElec   .          Harm     .   (no cloak)
rCorr   .          Rampage  .   (no gloves)
Will    .....                   (boots unavailable)
Stlth   ..........              (no amulet)
HPRegen 0.10/turn               (no ring)
MPRegen 0.11/turn               (no ring)

@: flying quickly and evasively, quick
A: beak, talons 3, nimble flight
a: no special abilities


You were on level 4 of the Dungeon.
You visited 1 branch of the dungeon, and saw 4 of its levels.

You collected 148 gold pieces.


Innate Abilities, Weirdness & Mutations

You have a beak for a mouth.
You have claws for feet.
Your magical nature lets you fly swiftly and evasively.


   Skills:
 - Level 2.0 Fighting
 - Level 6.0 Axes
 - Level 1.0 Throwing
 + Level 1.7 Armour
 - Level 2.1 Dodging
 - Level 2.0 Spellcasting
 - Level 2.4 Translocations


You had 8 spell levels left.
You didn't know any spells.
Your spell library contained the following spells:

 Spells                   Type           Power      Damage    Failure   Level
 Blink                    Tloc           14%        N/A       98%         2
 Gell's Gravitas          Tloc           7%         N/A       100%        3
 Lesser Beckoning         Tloc           7%         N/A       100%        3
 Teleport Other           Tloc           7%         N/A       100%        3
 Manifold Assault         Tloc           7%         N/A       100%        5

Inventory:

Hand Weapons
 i - a +0 whip
 Y - a +0 vorpal hand axe (weapon)
Missiles
 a - 3 boomerangs (quivered)
Armour
 j - a +0 chain mail (worn)
Scrolls
 c - a scroll of identify
Potions
 d - a potion of resistance
 f - 2 potions of curing
 l - a potion of heal wounds {unknown}

Dungeon Overview and Level Annotations

Branches:
Dungeon (4/15)
 Temple: D:4-7

Altars:


Message History

Press: ? - help, Q - select action Shift-Dir - straight line, f - iguana You throw a boomerang.
The boomerang hits the iguana.
The iguana is moderately wounded.
Throw: 3 boomerangs
Press: ? - help, Q - select action Shift-Dir - straight line, f/p - iguana You throw a boomerang.
The boomerang barely misses the iguana.
Throw: 3 boomerangs
Press: ? - help, Q - select action Shift-Dir - straight line, f/p - iguana You throw a boomerang.
The boomerang closely misses the iguana.
You barely miss the iguana. You claw the iguana.
The iguana is heavily wounded.
The iguana bites you.
You hit the iguana but do no damage. You claw the iguana.
You peck the iguana, but do no damage.
The iguana is severely wounded.
The iguana bites you!
You hit the iguana but do no damage. Your kick misses the iguana.
Your peck misses the iguana.
The iguana is severely wounded.
The iguana bites you.
You barely miss the iguana. Your kick misses the iguana.
You peck the iguana, but do no damage.
The iguana is severely wounded.
The iguana hisses menacingly.
The iguana bites you.
You hit the iguana.
The iguana is severely wounded.
The iguana bites you!
You hit the iguana but do no damage. You claw the iguana, but do no damage.
The iguana is severely wounded.
The iguana barely misses you.
You hit the iguana. Your kick misses the iguana.
You peck the iguana, but do no damage.
The iguana is almost dead.
The iguana closely misses you.
You hit the iguana but do no damage.
The iguana is almost dead.
The iguana bites you.
You die...

### . ...# #.
....## .# ......
.# ......###.
.....?.#.#
.......#.#
......l@.#
.....#...####
......##..#.####
...### ##......##
##........#
#.....<...#
#........##
#.........###
##......#...######


You could see an iguana.

Vanquished Creatures
  An orc wizard (D:3)
  Robin (D:4)
  4 adders
  2 worms
  2 dart slugs
  4 orcs (D:3)
  9 endoplasms
  A giant cockroach (D:1)
  15 goblins
  4 hobgoblins
  3 jackals
  12 kobolds
  7 quokkas
  5 ball pythons
  3 bats
  8 frilled lizards
  4 rats
85 creatures vanquished.

Notes
Turn   | Place    | Note
-------+----------+-------------------------------------------
     0 | D:1      | qw the Tengu Warper began the quest for the Orb.
     0 | D:1      | Reached XP level 1. HP: 12/12 MP: 4/4
     0 | D:1      | 0 ||| qw: Version: 0.1-a-89-g26bdef1
     0 | D:1      | 0 ||| qw: Game counter: 980
     0 | D:1      | 0 ||| qw: Always use a shield: true
     0 | D:1      | 0 ||| qw: God list: Okawaru
     0 | D:1      | 0 ||| qw: Allow faded altars: false
     0 | D:1      | 0 ||| qw: Do Orc after D:15 true
     0 | D:1      | 0 ||| qw: Do second Lair branch before Depths: true
     0 | D:1      | 0 ||| qw: Lair rune preference: random
     0 | D:1      | 0 ||| qw: Plans: Normal
     0 | D:1      | 0 ||| PLANNING D:1-11
   163 | D:1      | 163 ||| Stepping ~*~*~tactically~*~*~ (hiding).
   169 | D:1      | Reached skill level 3 in Axes
   169 | D:1      | Reached XP level 2. HP: 17/17 MP: 6/6
   699 | D:1      | Found a faded altar of an unknown god.
   701 | D:1      | 701 ||| DROPPING +0 club.
   787 | D:1      | Reached XP level 3. HP: 21/21 MP: 7/7
  1072 | D:1      | 1072 ||| UPGRADING to +0 ring mail.
  1082 | D:1      | 1082 ||| DROPPING +0 leather armour.
  1083 | D:1      | 1083 ||| UPGRADING to +0 chain mail.
  1093 | D:1      | 1093 ||| DROPPING +0 ring mail.
  1094 | D:1      | 1094 ||| READING scroll labelled NONGEK ZEDINO.
  1095 | D:1      | 1095 ||| READING scroll labelled MYOTEIFUCA.
  1096 | D:1      | 1096 ||| READING scroll labelled NUF ERCHOUBUW.
  1097 | D:1      | 1097 ||| DRINKING 3 lumpy grey potions.
  1098 | D:1      | 1098 ||| DROPPING scroll of blinking.
  1161 | D:2      | Reached skill level 4 in Axes
  1290 | D:2      | 1290 ||| FLEEEEING.
  1300 | D:2      | 1300 ||| STAIRDANCE
  1461 | D:2      | Reached XP level 4. HP: 25/26 MP: 8/8
  1700 | D:2      | 1700 ||| DROPPING ring of flight.
  1701 | D:2      | 1701 ||| READING scroll labelled USOAGU SONIRO.
  1791 | D:3      | 1791 ||| Stepping ~*~*~tactically~*~*~ (hiding).
  1795 | D:3      | 1795 ||| Stepping ~*~*~tactically~*~*~ (hiding).
  1807 | D:3      | Reached skill level 5 in Axes
  1833 | D:3      | 1833 ||| Stepping ~*~*~tactically~*~*~ (stealth).
  2051 | D:3      | Gained mutation: Your magical nature lets you fly swiftly
                  | and evasively. [Tengu growth]
  2051 | D:3      | Reached XP level 5. HP: 30/30 MP: 9/9
  2123 | D:3      | 2123 ||| Stepping ~*~*~tactically~*~*~ (hiding).
  2455 | D:3      | 2455 ||| Stepping ~*~*~tactically~*~*~ (stealth).
  2457 | D:3      | 2457 ||| Stepping ~*~*~tactically~*~*~ (stealth).
  2471 | D:3      | 2471 ||| Stepping ~*~*~tactically~*~*~ (stealth).
  2479 | D:3      | 2479 ||| Stepping ~*~*~tactically~*~*~ (stealth).
  2984 | D:3      | 2984 ||| READING scroll labelled NIROON LUSSILO.
  2985 | D:3      | 2985 ||| READING scroll labelled SAONKE SARCHA JIH.
  2990 | D:3      | 2990 ||| DRINKING 2 sedimented purple potions.
  3091 | D:3      | 3091 ||| READING 4 scrolls of identify.
  3091 | D:3      | 3091 ||| IDENTIFYING purple potion
  3092 | D:3      | 3092 ||| READING 3 scrolls of identify.
  3092 | D:3      | 3092 ||| IDENTIFYING fuming red potion
  3093 | D:3      | 3093 ||| READING 2 scrolls of identify.
  3093 | D:3      | 3093 ||| IDENTIFYING green potion
  3094 | D:3      | 3094 ||| DROPPING potion of lignification.
  3095 | D:3      | 3095 ||| DROPPING potion of magic.
  3096 | D:3      | 3096 ||| DROPPING potion of ambrosia.
  3115 | D:4      | Noticed Robin
  3116 | D:4      | 3116 ||| STAIRDANCE
  3122 | D:4      | Reached skill level 6 in Axes
  3122 | D:4      | 3122 ||| STAIRDANCE
  3127 | D:4      | 3127 ||| STAIRDANCE
  3260 | D:4      | Killed Robin
  3432 | D:4      | HP: 1/30 [iguana (8)]
  3435 | D:4      | Slain by an iguana

Levels and vault maps discovered:
D:1:      kilobyte_arrival_exit_the_forest, layout_basic,
          shapermc_ecumenical_altar_starsandcircs
D:2:      layout_basic
D:3:      minmay_angry_zag, layout_loops_ring, minmay_misc_feat_more_columns
D:4:      layout_cave_pods, minmay_fractal_squares_diagonal_5, uniq_robin

Skill      XL: |  1  2  3  4  5 |
---------------+----------------+-----
Axes           | 3 4 5 6 |  6.0
Fighting       | |  2.0
Throwing       | |  1.0
Armour         | |  1.7
Dodging        | |  2.1
Spellcasting   | |  2.0
Translocations | |  2.4

Action                   |  1- 3 |  4- 6 || total
-------------------------+-------+-------++-------
Melee: Hand axe          |    83 |    99 ||   182
       Kick              |    19 |    31 ||    50
       Peck              |     4 |    12 ||    16
       Punch             |     1 |       ||     1
Throw: Boomerang         |     7 |     3 ||    10
  Use: Scroll            |     3 |     6 ||     9
       Potion            |     1 |     1 ||     2
Armor: Leather armour    |    13 |       ||    13
       Chain mail        |    19 |    38 ||    57
Dodge: Dodged            |    40 |    35 ||    75

Table legend:
 A = Non-vault XP
 B = Vault XP
 C = Vault XP percentage of total XP
 D = Non-vault monster count
 E = Vault monster count
 F = Vault count percentage of total count
                 A         B        C        D         E       F
            +---------+---------+-------+---------+---------+-------
      Total |     192 |      59 |  23.5 |      66 |      19 |  22.4
            +---------+---------+-------+---------+---------+-------
        D:1 |      42 |       0 |   0.0 |      26 |       0 |   0.0
        D:2 |      48 |       0 |   0.0 |      18 |       0 |   0.0
        D:3 |     101 |      34 |  25.2 |      21 |      12 |  36.4
        D:4 |       1 |      25 |  96.2 |       1 |       7 |  87.5
            +---------+---------+-------+---------+---------+-------
